 Dungeon Crawl Stone Soup version 0.30.0-5-g1a98f26d00 (webtiles) character file.

Game seed: 3098144431638363350

1533 SeerSkye the Cleaver (level 8, -4/74 HPs)
             Began as a Minotaur Fighter on May 10, 2023.
             Was a Believer of Cheibriados.
             Killed from afar by an electric eel (15 damage)
             ... with a bolt of electricity
             ... on level 6 of the Dungeon.
             The game lasted 00:05:16 (5551 turns).

SeerSkye the Cleaver (Minotaur Fighter)             Turns: 5551, Time: 00:05:17

Health: -4/74      AC: 11    Str: 28    XL:     8   Next: 55%
Magic:  7/7        EV:  8    Int:  9    God:    Cheibriados [**....]
Gold:   280        SH:  5    Dex: 13    Spells: 7/7 levels left

rFire   + . .        a - +1 war axe
rCold   . . .        c - +0 buckler
rNeg    . . .        n - +0 chain mail
rPois   .            (helmet restricted)
rElec   .            f - +0 cloak
rCorr   .            (no gloves)
SInv    .            g - +0 pair of boots
Will    .....        (no amulet) Stlth
                     b - ring of protection from fire
HPRegen 0.32/turn    (no ring)
MPRegen 0.10/turn

%: no passive effects
@: very slow
A: horns 2, retaliatory headbutt
a: Renounce Religion, Bend Time


You were on level 6 of the Dungeon.
You worshipped Cheibriados.
Cheibriados was pleased with you.
You visited 2 branches of the dungeon, and saw 7 of its levels.
You also visited: Sewer.

You collected 280 gold pieces.

Inventory:

Hand Weapons
 a - a +1 war axe (weapon)
Missiles
 p - 5 javelins (quivered)
Armour
 c - a +0 buckler (worn)
 f - a +0 cloak (worn)
 g - a +0 pair of boots (worn)
 n - a +0 chain mail (worn)
Jewellery
 b - a ring of protection from fire (left hand)
Wands
 m - a wand of charming (10)
Scrolls
 j - a scroll of brand weapon {unknown}
 q - a scroll of silence {unknown}
 r - a scroll of fear {unknown}
 s - a scroll of amnesia {unknown}
Potions
 d - 3 potions of heal wounds {@q2}
 e - 4 potions of flight
 h - 3 potions of attraction
 i - 5 potions of curing {@q1}
 k - 2 potions of cancellation {unknown}
 l - 4 potions of mutation {unknown}
 o - a potion of degeneration {unknown}


   Skills:
 + Level 8.2 Fighting
 * Level 10.8 Axes
 - Level 3.6 Armour
 - Level 3.6 Shields


You had 7 spell levels left.
You didn't know any spells.
Your spell library contained the following spells:

 Spells                   Type           Power      Damage    Failure   Level
 Gell's Gravitas          Tloc           0%         N/A       100%        3
 Ozocubu's Armour         Ice            0%         N/A       100%        3
 Teleport Other           Tloc           0%         N/A       100%        3
 Metabolic Englaciation   Hex/Ice        0%         N/A       100%        5
 Dispersal                Tloc           0%         N/A       100%        6
 Simulacrum               Ice/Necr       0%         N/A       100%        6


Dungeon Overview and Level Annotations

Branches:
Dungeon (6/15) Zot: 39597  Temple (1/1) D:4 Zot: 8911   Sewer (visited)

Altars:
Ashenzari
Cheibriados
Dithmenos
Elyvilon
Fedhas
Gozag
Kikubaaqudgha
Makhleb
Okawaru
Qazlal
Ru
Sif Muna
Uskayaw
Vehumet
Xom
Zin
The Shining One


Innate Abilities, Weirdness & Mutations

You have a pair of horns on your head.
You reflexively headbutt those who attack you in melee.


Message History

Cheibriados appreciates the change of pace.
You hit the orc. The orc barely misses you.
You hit the orc but do no damage.
The orc is moderately wounded.
You block the orc's attack.
You hit the orc.
You kill the orc!
Cheibriados thoroughly appreciates the change of pace.
No target in view!
Items here: )) [[.
Found a stone staircase leading up.
You now have 262 gold pieces (gained 8).
There is a stone staircase leading up here.
You now have 280 gold pieces (gained 18).
An electric eel comes into view.
An electric eel is nearby!
An electric eel is nearby!
An electric eel is nearby!
The electric eel shoots out a bolt of lightning at you!
The bolt of electricity hits you!
The electric eel shoots out a bolt of lightning at you!
The bolt of electricity hits you.
The electric eel shoots out a bolt of lightning at you!
The bolt of electricity misses you.
The electric eel shoots out a bolt of lightning at you!
The bolt of electricity hits you!
The electric eel shoots out a bolt of lightning at you!
The bolt of electricity hits you.
Found 16 gold pieces.
The electric eel shoots out a bolt of lightning at you!
The bolt of electricity hits you!
The electric eel shoots out a bolt of lightning at you!
The bolt of electricity hits you!
* * * LOW HITPOINT WARNING * * *
The electric eel shoots out a bolt of lightning at you!
The bolt of electricity hits you!
* * * LOW HITPOINT WARNING * * *
The electric eel shoots out a bolt of lightning at you!
The bolt of electricity hits you!
You die...

.#########..............##
..# #...............# ..#
#...............# #.#
#?..............## ##
#................#
#................#
##................#
#................#
#.....@..........#
#....≈..>........#
##..≈#≈........###
#.≈..≈..S.##..##
..≈#≈...S#≈..#.
.≈..≈..≈..≈..≈.
≈#≈.$.≈#≈...≈#≈.
≈..≈..≈..≈..≈..


You could see 2 electric eels.

Vanquished Creatures
  A steam dragon (D:5)
  A water moccasin (D:6)
  A black bear (D:5)
  2 kobold brigands (Sewer)
  3 bullfrogs
  2 scorpions
  A howler monkey (D:5)
  A hound (D:5)
  A sleepcap (D:5)
  3 jellies
  4 iguanas
  4 orc wizards
  Robin (D:2)
  5 gnolls (D:3)
  11 adders
  4 river rats (D:5)
  A worm (D:2)
  8 dart slugs
  14 orcs
  5 ball pythons
  6 endoplasms
  6 giant cockroaches
  10 goblins
  16 hobgoblins
  6 jackals
  6 quokkas
  4 bats
  14 frilled lizards
  12 kobolds
  10 rats
163 creatures vanquished.

Notes
Turn   | Place    | Note
-------+----------+-------------------------------------------
     0 | D:1      | SeerSkye the Minotaur Fighter began the quest for the Orb.
     0 | D:1      | Reached XP level 1. HP: 19/19 MP: 0/0
   207 | D:1      | Reached skill level 3 in Axes
   240 | D:1      | Reached XP level 2. HP: 27/27 MP: 1/1
   559 | D:1      | Reached XP level 3. HP: 33/33 MP: 2/2
   791 | D:1      | Reached skill level 4 in Axes
  1451 | D:2      | Reached XP level 4. HP: 41/41 MP: 3/3
  1514 | D:2      | Noticed Robin
  1533 | D:2      | Killed Robin
  1731 | D:2      | Reached skill level 5 in Axes
  2201 | D:3      | Reached XP level 5. HP: 47/47 MP: 4/4
  2253 | D:3      | Reached skill level 5 in Fighting
  2305 | D:3      | Reached skill level 6 in Axes
  2306 | D:3      | HP: 2/48 [gnoll/+0 halberd (6)]
  2656 | D:3      | Reached XP level 6. HP: 18/56 MP: 5/5
  3032 | D:3      | Found a blossoming altar of Fedhas.
  3111 | D:4      | Reached skill level 7 in Axes
  3664 | D:4      | Found a staircase to the Ecumenical Temple.
  3682 | Temple   | Entered the Ecumenical Temple
  3732 | Temple   | Became a worshipper of Cheibriados the Contemplative
  3951 | D:4      | Found an opulent altar of Gozag.
  4057 | D:5      | Entered Level 5 of the Dungeon
  4063 | D:5      | Found a glowing drain.
  4070 | D:5      | Reached XP level 7. HP: 49/63 MP: 6/6
  4072 | D:5      | Reached skill level 8 in Axes
  4086 | Sewer    | Entered a sewer
  4219 | Sewer    | Reached * piety under Cheibriados
  4351 | Sewer    | Found a white marble altar of Elyvilon.
  4502 | D:5      | Noticed a steam dragon
  4506 | D:5      | Killed a steam dragon
  4507 | D:5      | Reached skill level 9 in Axes
  4525 | D:5      | Reached XP level 8. HP: 59/73 MP: 7/7
  4685 | D:5      | Reached skill level 10 in Axes
  5418 | D:6      | Reached ** piety under Cheibriados
  5551 | D:6      | Killed from afar by an electric eel

Illustrated notes

Levels and vault maps discovered:
D:1:      matt_arrival_grand_opening, layout_loops_corners, serial_bayou,
          serial_bayou_shore_b, serial_bayou_pond_c, serial_bayou_pond_d,
          serial_bayou_pond_b
D:2:      layout_loops_corners, minmay_tripent, uniq_robin
D:3:      minmay_bubble_buster, layout_loops_ring, fedhas_altar_4, serial_glass,
          glass_columns_a, glass_columns_a, kennysheep_another_room,
          minivault_11, chequers_serial_rivers_room_a, minmay_lizard_king
D:4:      layout_basic, mainiacjoe_overflow_alcove_4, minmay_temple_entry_waves
D:5:      layout_rooms, portal_sewer_entry_a, hangedman_decor_lopped
D:6:      layout_cave_pods, minmay_misc_feat_tower, kennysheep_doodads
Temple:   eino_temple_rhombus

Skill      XL: |  1  2  3  4  5  6  7  8 |
---------------+-------------------------+-----
Axes           | 3 4 5 6 7 9 10 | 10.8
Fighting       | 4 5 6 7 8 |  8.2
Armour         | |  3.6
Shields        | |  3.6

Action                     |  1- 3 |  4- 6 |  7- 9 || total
---------------------------+-------+-------+-------++-------
  Melee: War axe           |    87 |   175 |   109 ||   371
         Headbutt          |     9 |    18 |    17 ||    44
    Use: Potion            |       |     1 |       ||     1
         Scroll            |       |     7 |     1 ||     8
 Armour: Scale mail        |    48 |    38 |       ||    86
         Chain mail        |       |    70 |    70 ||   140
  Dodge: Dodged            |    30 |    73 |    31 ||   134
  Block: Buckler           |    13 |    38 |    14 ||    65
